 Dungeon Crawl Stone Soup version 0.28.0-53-g5a82cb258f (webtiles) character file.

Game seed: 13465227876145925519

423 Revguard the Covered (level 6, -2/39 HPs)
             Began as a Gargoyle Fighter on Aug 25, 2022.
             Slain by a gnoll
             ... wielding a +0 halberd
              (7 damage)
             ... on level 5 of the Dungeon.
             The game lasted 00:07:24 (3490 turns).

Revguard the Covered (Gargoyle Fighter)             Turns: 3490, Time: 00:07:24

Health: -2/39      AC: 12    Str: 19    XL:     6   Next: 95%
Magic:  7/7        EV:  9    Int:  9    God:
Gold:   155        SH:  4    Dex: 11    Spells: 5/5 levels left

rFire   . . .      SeeInvis .   g - +2 mace (protect)
rCold   . . .      Faith    .   c - +0 buckler
rNeg    + . .      Spirit   .   b - +0 scale mail
rPois   ∞          Reflect  .   (no helmet)
rElec   +          Harm     .   q - +0 cloak
rCorr   .          Rampage  .   (no gloves)
Will    .....                   (no boots)
Stlth   +.........              (no amulet)
HPRegen 0.13/turn               (no ring)
MPRegen 0.10/turn               (no ring)

@: no status effects
A: sickness immunity, AC +4, negative energy resistance 1, electricity
resistance, torment resistance 1, petrification resistance, camouflage 1, sense
surroundings 1
a: no special abilities


You were on level 5 of the Dungeon.
You visited 1 branch of the dungeon, and saw 5 of its levels.

You collected 155 gold pieces.

Inventory:

Hand Weapons
 a - a +0 flail
 g - a +2 mace of protection (weapon)
Armour
 b - a +0 scale mail (worn)
 c - a +0 buckler (worn)
 q - a +0 cloak (worn)
Jewellery
 i - a ring of wizardry
Scrolls
 f - a scroll of immolation {unknown}
 h - a scroll of teleportation {unknown}
 k - a scroll of noise {unknown}
 l - a scroll of fear {unknown}
 o - 2 scrolls of fog {unknown}
 s - a scroll of identify {unknown}
Potions
 e - a potion of curing
 j - a potion of flight


   Skills:
 + Level 4.4 Fighting
 + Level 3.2 Maces & Flails
 + Level 4.4 Armour
 + Level 1.7 Dodging
 + Level 4.3 Shields
 + Level 2.4 Invocations
 + Level 2.0 Evocations


You had 5 spell levels left.
You didn't know any spells.
Your spell library contained the following spells:

 Spells                   Type           Power      Damage    Failure   Level
 Static Discharge         Conj/Air       0%         N/A       93%         2
 Lightning Bolt           Conj/Air       0%         1d11      100%        5
 Maxwell's Capacitive Co  Air            0%         ∞         100%        8


Dungeon Overview and Level Annotations

Branches:
Dungeon (4/15)
 Temple: D:4-7

Altars:
Dithmenos


Innate Abilities, Weirdness & Mutations

You are immune to sickness and miasma.
Your stone body is resilient. (AC +4)
You are immune to poison.
You resist negative energy. (rN+)
You are resistant to electric shocks. (rElec)
You are resistant to unholy torment.
You are immune to petrification.
Your skin changes colour to match your surroundings (Stealth+).
You passively map a small area around you.


Message History

The gnoll seems to speed up.
The gnoll shaman barely misses you.
You hit the gnoll shaman.
The gnoll shaman is moderately wounded.
The gnoll shaman hits you but does no damage.
You sock the gnoll shaman!
You kill the gnoll shaman!
The gnoll hits you with a +0 flail.
You sock the gnoll!
The gnoll is severely wounded.
The gnoll barely misses you.
The gnoll hits you but does no damage. x2
The gnoll completely misses you.
You closely miss the gnoll.
The gnoll is severely wounded.
The gnoll hits you but does no damage. The gnoll hits you with a +0 flail.
The gnoll closely misses you. You block the gnoll's attack.
You closely miss the gnoll.
The gnoll is heavily wounded.
The gnoll hits you but does no damage. x2; The gnoll closely misses you.
The gnoll hits you but does no damage.
You barely miss the gnoll.
The gnoll is heavily wounded.
The gnoll hits you from afar with a +0 halberd.
The gnoll hits you with a +0 flail.
The gnoll hits you from afar with a +0 halberd!
The gnoll hits you with a +0 flail.
You sock the gnoll!
Your weapon exudes an aura of protection.
You kill the gnoll!
The gnoll barely misses you. You block the gnoll's attack.
The gnoll closely misses you.
Items here: ))))) [ ††††.
You closely miss the gnoll. The gnoll hits you with a +0 halberd!
* * * LOW HITPOINT WARNING * * *
The gnoll hits you but does no damage.
It was a potion of cancellation.
Your magical effects are unravelling.
You feel magically purged.
You float gracefully downwards.
You feel a little less mighty now.
Your resistance to elements expires.
The gnoll hits you with a +0 halberd!
You die...

* , #. #.* #. #.
..#.* #.#. ######## ,
#..)* #......# *#..*
#####......#####
#..###...............
#.>.@g..........#####
######.###......# #.#
#......# #.# #......#
#.# #......# #.#
#......# #.# ##.#####
#.# #.# , ..


You could see a gnoll (fast).

Vanquished Creatures
  Sigmund (D:3)
  A scorpion (D:4)
  A gnoll shaman (D:5)
  Crazy Yiuf (D:3)
  3 gnolls (D:5)
  4 adders
  2 worms
  2 dart slugs
  An orc (D:5)
  6 endoplasms
  A giant cockroach (D:1)
  6 goblins
  14 hobgoblins
  4 jackals (D:2)
  4 kobolds
  2 quokkas
  8 ball pythons
  4 bats
  2 frilled lizards (D:1)
  5 rats
72 creatures vanquished.

Vanquished Creatures (others)
  2 fungi (D:3)
2 creatures vanquished.

Grand Total: 74 creatures vanquished

Notes
Turn   | Place    | Note
-------+----------+-------------------------------------------
     0 | D:1      | Revguard the Gargoyle Fighter began the quest for the Orb.
     0 | D:1      | Reached XP level 1. HP: 14/14 MP: 1/1
   296 | D:1      | Reached XP level 2. HP: 13/19 MP: 2/2
  1010 | D:2      | Found a shadowy altar of Dithmenos.
  1023 | D:2      | Reached XP level 3. HP: 18/23 MP: 3/3
  1151 | D:2      | Reached skill level 1 in Invocations
  1414 | D:2      | Reached XP level 4. HP: 28/29 MP: 4/4
  1912 | D:3      | Reached skill level 1 in Evocations
  2184 | D:3      | Found a runed translucent door.
  2185 | D:3      | Noticed Crazy Yiuf
  2273 | D:3      | Noticed Sigmund
  2292 | D:3      | Killed Sigmund
  2293 | D:3      | Reached skill level 1 in Dodging
  2293 | D:3      | Reached XP level 5. HP: 18/33 MP: 4/6
  2293 | D:3      | Reached XP level 6. HP: 21/38 MP: 4/7
  2837 | D:3      | Paralysed by Crazy Yiuf for 2 turns
  2845 | D:3      | Killed Crazy Yiuf
  3450 | D:4      | You fall into a shaft and drop 1 floor!
  3450 | D:5      | Entered Level 5 of the Dungeon
  3473 | D:5      | Gained mutation: You passively map a small area around you.
                  | [potion of mutation]
  3473 | D:5      | Gained mutation: Your skin changes colour to match your
                  | surroundings (Stealth+). [potion of mutation]
  3490 | D:5      | Slain by a gnoll

Illustrated notes

Levels and vault maps discovered:
D:1:      co_arrival_square_in_a_square_in_a_square, layout_basic
D:2:      cheibrodos_greedy_goblins, layout_loops_ring, basic_altar
D:3:      layout_loops_cross, uniq_crazy_yiuf_cottage, uniq_sigmund
D:4:      layout_basic
D:5:      layout_basic, gammafunk_temple_overflow_forgotten, uniq_prince_ribbit1

Skill      XL: |  1  2  3  4  5  6 |
---------------+-------------------+-----
Invocations    | 1 2 |  2.4
Evocations     | 1 2 |  2.0
Fighting       | 4 |  4.4
Armour         | 4 |  4.4
Dodging        | 1 |  1.7
Shields        | 4 |  4.3
Maces & Flails | 3 |  3.2

Action                   |  1- 3 |  4- 6 || total
-------------------------+-------+-------++-------
Melee: Flail             |    28 |       ||    28
       Mace              |    78 |   126 ||   204
  Use: Potion            |       |     7 ||     7
Armor: Scale mail        |    89 |    92 ||   181
Dodge: Dodged            |    67 |    46 ||   113
Block: Buckler           |    24 |    33 ||    57
